 Dungeon Crawl Stone Soup version 0.27-a0-409-gd57800a693 (webtiles) character file.

Game seed: 6996866464141871923

15248 Chiseanne the Fighter (level 11, -20/91 (99) HPs)
             Began as a Demonspawn Wanderer on Feb 23, 2021.
             Was an Initiate of Gozag.
             Killed from afar by a Tzitzimitl (23 damage)
             ... with a bolt of negative energy
             ... summoned by a dread lich
             ... while paralysed by a dread lich
             ... on level 2 of the Abyss.
             The game lasted 00:31:15 (14258 turns).

Chiseanne the Fighter (Demonspawn Wanderer)        Turns: 14258, Time: 00:31:16

HP:   -20/91 (99)   AC: 26    Str: 14    XL:     11   Next: 99%
MP:   11/11         EV:  2    Int: 14    God:    Gozag
Gold: 1361          SH:  0    Dex: 14    Spells: 10/10 levels left

rFire    + + .     SeeInvis +   a - +8 demon whip (elec)
rCold    + . .     Faith    .   H - +3 buckler {rC+}
rNeg     . . .     Spirit   .   M - +4 scale mail {rF+}
rPois    .         Reflect  +   (helmet restricted)
rElec    .         Harm     .   k - +1 cloak
rCorr    .         Rampage  .   B - +1 pair of gloves
Will     .....                  u - +1 pair of boots
Stlth    ..........             l - amulet of reflection
HPRegen  0.25/turn              N - ring of see invisible
MPRegen  0.12/turn              I - ring of protection from fire

@: paralysed, mighty, hasted, studying Unarmed Combat, drained
A: horns 1, rugged brown scales 2, foul stench 2, icemail 1, condensation shield
a: Renounce Religion, Potion Petition, Call Merchant, Bribe Branch


You were on level 2 of the Abyss.
You worshipped Gozag.
Gozag was most pleased with you.
You visited 2 branches of the dungeon, and saw 13 of its levels.
You visited the Abyss 1 time.
You also visited: Gauntlet.

You collected 2683 gold pieces.
You spent 704 gold pieces at shops.
You paid 618 gold pieces to Gozag.

Inventory:

Hand Weapons
 a - a +8 demon whip of electrocution (weapon)
 w - a +2 hand crossbow
 J - a +0 scimitar of flaming
Missiles
 b - 56 bolts
 f - 80 poisoned darts (quivered)
 r - 131 sling bullets
 y - 12 boomerangs
 A - 2 curare-tipped darts
Armour
 k - a +1 cloak (worn)
 u - a +1 pair of boots (worn)
 B - a +1 pair of gloves (worn)
 H - a +3 buckler of cold resistance (worn)
 M - a +4 scale mail of fire resistance (worn)
Magical Staves
 s - a staff of poison
Jewellery
 g - a ring of resist corrosion
 j - an amulet of guardian spirit {unknown}
 l - an amulet of reflection (around neck)
 G - an amulet of regeneration
 I - a ring of protection from fire (right hand)
 N - a ring of see invisible (left hand)
Wands
 i - a wand of digging (8)
 t - a wand of iceblast (2)
 x - a wand of flame (17)
 C - a wand of mindburst (20)
 E - a wand of random effects (13)
 F - a wand of acid (7)
Scrolls
 d - 2 scrolls of teleportation
 m - 2 scrolls of amnesia
 n - 3 scrolls of blinking
 D - a scroll of fear
Potions
 c - 4 potions of curing
 e - 2 potions of heal wounds
 h - a potion of haste
 o - 2 potions of invisibility
 q - 2 potions of might
 v - 2 potions of flight
 z - a potion of ambrosia
 L - 4 potions of brilliance
 O - a potion of magic
Miscellaneous
 p - a phial of floods


   Skills:
 * Level 11.8 Fighting
 - Level 3.6 Crossbows
 - Level 1.0 Throwing
 * Level 10.0 Armour
 * Level 10.6 Dodging
 - Level 1.0 Shields


You had 10 spell levels left.
You didn't know any spells.
Your spell library was empty.

Dungeon Overview and Level Annotations

Branches:
Dungeon (12/15)            Temple (1/1) D:4            Lair (0/6) D:10
    Orc (0/2) D:10        Gauntlet (visited)

Altars:
Dithmenos
Elyvilon
Gozag
Makhleb
Trog
Uskayaw
Wu Jian
Xom
Zin
The Shining One

Shops:
D:5 *   D:8 [(   D:9 *   D:11 *

Annotations:
Gauntlet 11 transporters, 3 runed translucent doors


Innate Abilities, Weirdness & Mutations

You have a pair of small horns on your head.
You are mostly covered in rugged brown scales. (AC +2, +5% HP)
You sometimes emit foul miasma when damaged in melee.
A meltable icy envelope protects you from harm. (AC +4)
A meltable shield of frost defends you. (SH +4)


Message History

You whack the small abomination!
Lightning courses through the small abomination!
You destroy the small abomination!
Your Armour skill increases to level 10!
You now have 1361 gold pieces (gained 14).
A large abomination comes into view.
A dread lich appears in a shower of sparks.
The dread lich shouts!
The dread lich mumbles some strange words.
You whack the dread lich!
You headbutt the dread lich, but do no damage.
The dread lich is lightly damaged.
The dread lich gestures wildly while chanting.
The dread lich seems to speed up.
You feel very mighty all of a sudden. The dread lich touches you.
You feel drained.
You feel yourself speed up.
The dread lich touches you but does no damage.
The tormentor calls on the powers of darkness!
Your body is wracked with pain!
The dread lich casts a spell at you.
You suddenly lose the ability to move!
The dread lich touches you but does no damage. x2
The tormentor grins madly.
The dread lich gestures wildly while chanting.
The dread lich touches you but does no damage.
The Tzitzimitl engulfs you but does no damage.
The Tzitzimitl bites you but does no damage.
The dread lich touches you! x2
* * * LOW HITPOINT WARNING * * *
You feel drained.
* * * LOW HITPOINT WARNING * * *
The Tzitzimitl engulfs you but does no damage.
The Tzitzimitl bites you!!
* * * LOW HITPOINT WARNING * * *
The dread lich touches you but does no damage.
The Tzitzimitl gestures at you. The bolt of negative energy hits you!!
You feel drained.
You die...
Your body crumbles into a pile of gold.

# . #
..... . .
#... ##...
## # #
##...... #
#.
#.#....#.#
#.#.2. #
.#..#L# .
#.. #.@#
.#.
#.#.1.#
... . #
###.# . .
# ##### #
###


You could see a dread lich (fast), a Tzitzimitl (summoned) and a tormentor
(summoned).

Vanquished Creatures
  A death knight (D:12)
  2 two-headed ogres
  An ugly thing (D:12)
  2 cyclopes
  A manticore (D:11)
  A demonic crawler (Abyss:2)
  2 freezing wraiths (D:12)
  Maggie (D:10)
  2 komodo dragons
  A meliai zombie (D:12)
  A fire dragon skeleton (Abyss:2)
  A small abomination (Abyss:2)
  A wyvern (D:5)
  A wraith (D:12)
  8 yaks
  A basilisk (D:11)
  8 vampire mosquitoes
  A warg (D:10)
  3 acid dragons
  A water moccasin (D:6)
  3 sky beasts
  4 orc warriors
  3 necrophages
  5 ice beasts
  4 black bears
  2 ogres
  2 eyes of draining
  5 centaurs
  3 phantoms
  3 bullfrogs
  2 gnoll sergeants (D:8)
  5 scorpions
  14 wights
  3 killer bees (D:11)
  A vampire bat (D:4)
  6 jellies
  5 howler monkeys
  2 bullfrog zombies
  A centaur zombie (D:12)
  10 orc priests
  2 quasits (D:6)
  A bullfrog skeleton (D:10)
  5 hounds
  2 centaur skeletons
  2 iguanas
  Ijyb (D:5)
  20 orc wizards
  10 worker ants
  A hound skeleton (D:5)
  2 worker ant zombies
  Robin (D:4)
  14 adders
  10 gnolls
  2 white imps
  2 ufetubi
  2 adder skeletons
  5 worms
  3 dart slugs
  3 fire bats (D:4)
  2 leopard geckos
  72 orcs
  2 spectral bats (D:4)
  3 bat skeletons (D:4)
  A bat zombie (D:4)
  3 giant cockroaches
  16 goblins
  6 hobgoblins
  14 jackals
  5 kobolds
  9 quokkas
  3 ball pythons
  A ball python zombie (D:6)
  18 bats
  A bat simulacrum (D:4)
  5 frilled lizards
  A leopard gecko zombie (D:5)
  A quokka skeleton (D:7)
  10 rats
384 creatures vanquished.

Vanquished Creatures (others)
  A quasit (D:10)
  2 orc wizards (D:6)
  An orc (D:10)
  A giant cockroach (D:2)
  3 withered plants (Gauntlet)
8 creatures vanquished.

Grand Total: 392 creatures vanquished

Notes
Turn   | Place    | Note
-------+----------+-------------------------------------------
     0 | D:1      | Chiseanne the Demonspawn Wanderer began the quest for the
                  | Orb.
     0 | D:1      | Chiseanne set off with the following items: a +2 hand
                  | crossbow, 22 bolts, a potion of curing, a scroll of
                  | teleportation, a +0 robe
     0 | D:1      | Reached XP level 1. HP: 18/18 MP: 1/1
   483 | D:1      | Gained mutation: You have a pair of small horns on your
                  | head. [demonic ancestry]
   483 | D:1      | Reached XP level 2. HP: 24/24 MP: 2/2
   526 | D:1      | Reached skill level 1 in Dodging
  1046 | D:2      | Reached XP level 3. HP: 27/29 MP: 3/3
  1406 | D:2      | Found a white marble altar of Elyvilon.
  2195 | D:3      | Reached skill level 4 in Fighting
  2195 | D:3      | Gained mutation: A meltable shield of frost defends you.
                  | (SH +4) [demonic ancestry]
  2195 | D:3      | Reached XP level 4. HP: 36/37 MP: 4/4
  2605 | D:3      | Noticed a sky beast
  2618 | D:3      | Killed a sky beast
  2619 | D:3      | Gained mutation: You may rarely emit foul miasma when
                  | damaged in melee. [demonic ancestry]
  2619 | D:3      | Reached XP level 5. HP: 27/43 MP: 5/5
  2792 | D:3      | Found a burning altar of Makhleb.
  3018 | D:4      | Noticed Robin
  3348 | D:4      | Killed Robin
  3585 | D:4      | Gained mutation: You are partially covered in rugged brown
                  | scales. (AC +1, +3% HP) [demonic ancestry]
  3585 | D:4      | Reached XP level 6. HP: 43/51 MP: 6/6
  3889 | D:4      | Reached skill level 5 in Fighting
  4029 | D:4      | Found a staircase to the Ecumenical Temple.
  4293 | D:4      | Reached XP level 7. HP: 57/57 MP: 7/7
  4525 | Temple   | Entered the Ecumenical Temple
  4572 | Temple   | Became a worshipper of Gozag Ym Sagoz the Greedy
  4615 | D:5      | Entered Level 5 of the Dungeon
  4716 | D:5      | Reached skill level 6 in Fighting
  4717 | D:5      | Noticed a wyvern
  4734 | D:5      | Killed a wyvern
  4735 | D:5      | Reached skill level 5 in Dodging
  4947 | D:5      | Noticed Ijyb
  4951 | D:5      | Killed Ijyb
  5215 | D:5      | Gained mutation: You are mostly covered in rugged brown
                  | scales. (AC +2, +5% HP) [demonic ancestry]
  5215 | D:5      | Reached XP level 8. HP: 60/68 MP: 8/8
  5414 | D:5      | Found Vuynkumo's General Store.
  5418 | D:5      | Bought a potion of ambrosia for 88 gold pieces
  5418 | D:5      | Bought a scroll of teleportation for 33 gold pieces
  5418 | D:5      | Bought 2 curare-tipped darts for 13 gold pieces
  6063 | D:6      | Found a shimmering altar of Xom.
  6063 | D:6      | Found a shimmering altar of Xom.
  6064 | D:6      | Found a shimmering altar of Xom.
  6065 | D:6      | Found a shimmering altar of Xom.
  6065 | D:6      | Found a shimmering altar of Xom.
  6076 | D:6      | Found a shimmering altar of Xom.
  6076 | D:6      | Found a shimmering altar of Xom.
  6126 | D:6      | Reached skill level 7 in Fighting
  6735 | D:6      | Found a glowing silver altar of Zin.
  6778 | D:6      | Reached skill level 5 in Armour
  7020 | D:6      | Gained mutation: You sometimes emit foul miasma when
                  | damaged in melee. [demonic ancestry]
  7020 | D:6      | Reached XP level 9. HP: 49/77 MP: 9/9
  7252 | D:6      | Reached skill level 8 in Fighting
  8388 | D:7      | Found a glowing golden altar of the Shining One.
  8954 | D:8      | Found a hide-covered altar of Uskayaw.
  8983 | D:8      | Bought a +2 buckler of cold resistance for 258 gold pieces
  9069 | D:8      | Found Opune's Antique Weapon Emporium.
  9264 | D:8      | Reached skill level 9 in Fighting
  9606 | D:8      | Noticed a cyclops
  9608 | D:8      | Noticed a two-headed ogre
  9900 | D:8      | Reached XP level 10. HP: 49/87 MP: 10/10
 10101 | D:8      | Got a bloodstained leather armour
 10127 | D:8      | Identified the +4 leather armour "Piggi" {Stlth+} (You
                  | found it on level 8 of the Dungeon)
 10254 | D:8      | Killed a two-headed ogre
 10327 | D:8      | Bought a +3 scale mail of fire resistance for 312 gold
                  | pieces
 10495 | D:8      | Killed a cyclops
 10496 | D:8      | Reached skill level 10 in Fighting
 10923 | D:9      | Found Ygahiciw's Changing Room.
 11555 | D:10     | Entered Level 10 of the Dungeon
 11581 | D:10     | Found a staircase to the Lair.
 11703 | D:10     | Noticed Maggie
 11723 | D:10     | Killed Maggie
 11942 | D:10     | Gained mutation: A meltable icy envelope protects you from
                  | harm. (AC +4) [demonic ancestry]
 11942 | D:10     | Reached XP level 11. HP: 96/96 MP: 11/11
 12035 | D:10     | Found a staircase to the Orcish Mines.
 12615 | D:11     | Noticed a two-headed ogre
 12618 | D:11     | Killed a two-headed ogre
 12619 | D:11     | Reached skill level 11 in Fighting
 12711 | D:11     | Found Suirhal's Assorted Antiques.
 12727 | D:11     | Reached skill level 10 in Dodging
 13572 | D:12     | Noticed a green ugly thing
 13586 | D:12     | Killed a green ugly thing
 13667 | D:12     | Noticed a death knight
 13681 | D:12     | Killed a death knight
 13798 | D:12     | Found a gate leading to a gauntlet.
 13810 | Gauntlet | Entered a Gauntlet
 13810 | Gauntlet | Found a transporter.
 13810 | Gauntlet | Found a transporter.
 13810 | Gauntlet | Noticed a wizard
 13828 | Gauntlet | Found a transporter.
 13832 | Gauntlet | Found a transporter.
 13843 | Gauntlet | Found a transporter.
 13844 | Gauntlet | Found a transporter.
 13852 | Gauntlet | Noticed a catoblepas
 13861 | Gauntlet | Found a transporter.
 13867 | Gauntlet | Found a runed translucent gate.
 13868 | Gauntlet | Found a transporter.
 13868 | Gauntlet | Found a runed translucent gate.
 13869 | Gauntlet | Found a runed translucent gate.
 13869 | Gauntlet | Noticed a minotaur
 13870 | Gauntlet | Noticed a wizard
 13871 | Gauntlet | Noticed a wizard
 13883 | Gauntlet | Found a transporter.
 13887 | Gauntlet | Found a transporter.
 13898 | Gauntlet | Found a transporter.
 13899 | Gauntlet | Found a transporter.
 14024 | Gauntlet | Cast into level 2 of the Abyss (a wizard)
 14032 | Abyss:2  | Found a shimmering blue altar of Sif Muna.
 14163 | Abyss:2  | Reached skill level 10 in Armour
 14249 | Abyss:2  | Noticed a dread lich
 14253 | Abyss:2  | Paralysed by a dread lich for 6 turns
 14256 | Abyss:2  | Noticed a Tzitzimitl
 14257 | Abyss:2  | HP: 3/95 [Tzitzimitl[a dread lich] (18)]
 14258 | Abyss:2  | Killed from afar by a Tzitzimitl

Illustrated notes

Levels and vault maps discovered:
D:1:      ncdulo_smallfort, layout_loops_ring
D:2:      layout_loops_cross, elyvilon_altar_4, st_stairs_2
D:3:      layout_loops_ring, lemuel_crystal_altar
D:4:      layout_basic, minmay_temple_entry_statues_pillars, goddamned_bats,
          uniq_robin
D:5:      layout_basic, serial_shops, kennysheep_mini, kennysheep_nondescript,
          minmay_misc_feat_more_columns, minmay_manual_moon, uniq_ijyb
D:6:      layout_loops_ring, nicolae_overflow_crystal_walls,
          nicolae_zen_rock_garden, minmay_misc_feat_tower,
          amcnicky_mini_rare_corridor_liquid, minmay_misc_feat_tiny,
          xom_redecorated
D:7:      layout_loops_ring, tso_altar
D:8:      layout_basic, overflow_temple_1_default, serial_shops, shop,
          grunt_potential
D:9:      layout_long_grid, nicolae_transmutations_shop
D:10:     layout_rooms, dpeg_oklobed_lair, erik_orc_3, hangedman_decor_points,
          uniq_maggie
D:11:     layout_basic, serial_shops, shop
D:12:     minmay_the_grid_octo_tiled_octocenter [minmay_the_grid_octo_77,
          minmay_the_grid_octo_clover_2, minmay_the_grid_octo_clover,
          minmay_the_grid_octo_thin_diamonds, minmay_the_grid_octo_prize_big_c,
          minmay_the_grid_square_5x5_almost_minimal,
          minmay_the_grid_square_5x5_forky, minmay_the_grid_square_5x5_fat_x,
          minmay_the_grid_square_5x5_inset], layout_irregular_city,
          gauntlet_entry_generic
Temple:   dpeg_five_rooms_temple
Abyss:2:  base: D:2, evilmike_abyss_exit_2
Gauntlet: minmay_gauntlet_77_indecision [minmay_gauntlet_arena_77_two_lines,
          minmay_gauntlet_arena_77_museum, minmay_gauntlet_arena_77_mirror,
          minmay_gauntlet_arena_77_double_cross,
          minmay_gauntlet_arena_77_run_for_it,
          minmay_gauntlet_arena_77_radiant_squares,
          nicolae_gauntlet_exit_dead_adventurers]

Skill      XL: |  1  2  3  4  5  6  7  8  9 10 11 |
---------------+----------------------------------+-----
Dodging        | 1 2 3 4 5 6 8 9 10 | 10.6
Fighting       | 4 5 6 7 9 10 11 | 11.8
Armour         | 2 3 5 6 8 10 | 10.0
Crossbows      | |  3.6
Throwing       | |  1.0
Shields        | |  1.0

Action                   |  1- 3 |  4- 6 |  7- 9 | 10-12 || total
-------------------------+-------+-------+-------+-------++-------
Melee: Long sword        |       |    14 |   445 |       ||   459
       Headbutt          |       |     3 |   117 |    78 ||   198
       Scimitar          |       |       |   164 |     5 ||   169
       Demon whip        |       |       |       |   427 ||   427
 Fire: Hand crossbow     |   102 |   141 |    79 |       ||   322
Throw: Dart              |       |       |     6 |    11 ||    17
Invok: Call Merchant     |       |       |     1 |       ||     1
Evoke: Wand              |       |       |     4 |    10 ||    14
  Use: Scroll            |     5 |     2 |     9 |    11 ||    27
       Potion            |       |       |     1 |     3 ||     4
 Stab: Distracted        |       |       |     2 |     1 ||     3
       Paralysed         |       |       |       |     5 ||     5
Armor: Robe              |     1 |       |       |       ||     1
       Leather armour    |     6 |    22 |    40 |       ||    68
       Scale mail        |       |       |   304 |   149 ||   453
Dodge: Dodged            |    21 |    50 |   367 |   205 ||   643
Block: Other             |     1 |    55 |   252 |       ||   308
       Reflection        |     1 |     1 |     7 |     7 ||    16
       Buckler           |       |       |   151 |   360 ||   511
       Rpst.: Long sword |       |     1 |    63 |       ||    64
       Scimitar          |       |       |    15 |       ||    15

Table legend: (Time is in decaauts)
 A = Elapsed time spent in this place.
 B = Non-inter-level travel time spent in this place.
 C = Inter-level travel time spent in this place.
 D = Time resting spent in this place.
 E = Time spent auto-exploring this place.
 F = Levels seen in this place.
 G = Mean time per level.
                   A        B        C        D        E       F      G
               +--------+--------+--------+--------+--------+-----+--------+
         Total |  14694 |  14291 |    403 |   2490 |   8592 |  15 |  979.6 |
       Dungeon |  14161 |  13791 |    370 |   2407 |   8392 |  12 | 1180.1 |
        Temple |     80 |     47 |     33 |      0 |     39 |   1 |   80.0 |
         Abyss |    238 |    238 |      0 |     83 |     42 |   1 |  238.0 |
      Gauntlet |    213 |    213 |      0 |      0 |    119 |   1 |  213.0 |
               +--------+--------+--------+--------+--------+-----+--------+

Top non-repeatable levels by time:
     D:6: 1958 daAuts
     D:8: 1577 daAuts
     D:5: 1485 daAuts
     D:4: 1286 daAuts
     D:3: 1155 daAuts
     D:2: 1139 daAuts
     D:9: 1118 daAuts
    D:11: 1083 daAuts
     D:7: 1080 daAuts
     D:1: 1048 daAuts
    D:10: 820 daAuts
    D:12: 408 daAuts
 Abyss:2: 238 daAuts
Gauntlet: 213 daAuts
  Temple: 80 daAuts
